 Dungeon Crawl Stone Soup version 0.17-a0-1738-g82cdc46 (webtiles) character file.

1666 kae the Martial Artist (level 8, -1/58 HPs)
             Began as a Demonspawn Monk on Aug 30, 2015.
             Slain by an orc warrior
             ... wielding a +1 short sword of draining
              (4 damage)
             ... on level 5 of the Dungeon.
             The game lasted 00:11:10 (7980 turns).

kae the Martial Artist (Demonspawn Monk)            Turns: 7980, Time: 00:11:11

Health: -1/58      AC:  4    Str: 13    XL:     8   Next: 69%
Magic:  8/8        EV: 11    Int: 11    God:
Gold:   361        SH:  0    Dex: 17    Spells: 0 memorised, 7 levels left

rFire  + . .     SeeInvis .       - Unarmed
rCold  . . .     Clarity  .     a - +1 robe
rNeg   . . .     SustAt   .     (no shield)
rPois  .         Gourm    .     (helmet restricted)
rElec  .         Spirit   .     q - +0 cloak
rCorr  .         Warding  .     (no gloves)
rMut   .         Stasis   .     (no boots)
MR     .....                    (no amulet)
Stlth  +.........               (no ring)
                                (no ring)

@: heavily drained, not resistant to hostile enchantments, very unstealthy
A: antennae 1, claws 2, hooves 1, fire resistance 1
a: no special abilities


You were on level 5 of the Dungeon.
You were not hungry.

You visited 1 branch of the dungeon, and saw 6 of its levels.
You also visited: Ossuary.

You collected 361 gold pieces.

Inventory:

Armour
 a - a +1 robe (worn)
 q - a +0 cloak (worn)
Jewellery
 i - an uncursed ring of ice
Magical devices
 p - a wand of flame (43)
 w - a wand of draining (5)
Scrolls
 d - 3 scrolls of identify
 e - a scroll of recharging
 g - a scroll of teleportation
 o - a scroll of enchant armour
 u - a scroll of remove curse
 y - a scroll of fear {unknown}
Potions
 f - a potion of cure mutation {unknown}
 h - a potion of haste {unknown}
 j - a potion of invisibility {unknown}
 l - a potion of brilliance {unknown}
 m - 2 potions of might
 n - a potion of magic {unknown}
 r - a potion of flight
 s - 2 potions of heal wounds
 t - 5 potions of curing
 v - a potion of cancellation {unknown}
 x - a potion of berserk rage {unknown}
Comestibles
 b - 6 bread rations
 c - 2 fruits
 k - 4 meat rations


   Skills:
 - Level 3.0(1.0) Fighting
 - Level 2.6(0.7) Dodging
 - Level 1.7(0.0) Stealth
 + Level 10.7(8.3) Unarmed Combat


You had 7 spell levels left.
You didn't know any spells.

Dungeon Overview and Level Annotations

Branches:
Dungeon (6/15)             Temple (0/1) D:6

Altars:
Vehumet
The Shining One

Shops:
D:5 [


Innate Abilities, Weirdness & Mutations

You have a pair of small antennae on your head.
You have very sharp fingernails.
You have large cloven feet.
Your flesh is heat resistant.


Message History

The orc warrior is drained!
The orc warrior is almost dead.
Evoking this partially-identified wand wasted a few charges.
The orc warrior hits you with a short sword of draining!
* * * LOW HITPOINT WARNING * * *
You feel drained.
Evoke which item? (* to show all) (? for menu, Esc to quit)
Zapping:
p - a wand of flame {zapped: 2} (will waste charges)
Press: ? - help, Shift-Dir - straight line, f/p - orc warrior
Aim: an orc warrior, wielding a short sword of draining and wearing a plate armour (almost dead, lightly drained)
The puff of flame misses the orc warrior.
Evoking this partially-identified wand wasted a few charges.
The orc warrior seems less drained.
You scratch the orc warrior but do no damage.
You kick the orc warrior, but do no damage.
The orc warrior is almost dead.
The orc warrior hits you with a short sword of draining!
* * * LOW HITPOINT WARNING * * *
You feel drained.
You die...

.......# #....######.......## #
..###.#######)..####.........####
........................>....+...
...##.#####(.................####
.#.##.# ##(....###.#.......## #
......# #.......##.##.....##
##.#### #.(.....##.###...## #.#
#.......##.####+## #.#
##.....@o.......# #.#
#......##.###..###### #.#
#...................# #.#
#####.....###...###.### #.#
##.#####........... #.# #.#
##...###.### ##.# #.######.<.#
#.### ...# #..........# #....
#### #########..# #####


You could see an orc warrior.

Vanquished Creatures
  The ghost of Xoff the Chiller, an average GrIE (D:4)
  Eustachio (D:4)
  A wraith (Ossuary)
  A sky beast (D:5)
  A centaur (D:5)
  2 scorpions (D:4)
  2 wights (Ossuary)
  A crimson imp (D:4)
  A giant frog zombie (D:3)
  5 orc priests
  2 hounds
  A centaur skeleton (D:4)
  2 iguanas
  6 orc wizards
  3 worker ants
  Robin (D:4)
  4 gnolls (D:4)
  8 adders
  2 oozes
  6 worms
  26 orcs
  3 ball pythons
  6 giant cockroaches
  14 goblins
  13 hobgoblins
  7 jackals
  A quokka (D:2)
  4 ball python skeletons (Ossuary)
  5 giant geckos
  A giant gecko skeleton (D:3)
  A giant gecko zombie (D:5)
  7 giant newts
  2 goblin skeletons (D:4)
  A goblin zombie (D:4)
  5 hobgoblin zombies
  A jackal zombie (D:5)
  6 kobolds
  3 kobold zombies
  5 orc skeletons
  An orc zombie (D:4)
  A quokka skeleton (D:4)
  9 rats
173 creatures vanquished.

Notes
Turn   | Place    | Note
--------------------------------------------------------------
     0 | D:1      | kae the Demonspawn Monk began the quest for the Orb.
     0 | D:1      | Reached XP level 1. HP: 18/18 MP: 1/1
   127 | D:1      | Reached skill level 4 in Unarmed Combat
   128 | D:1      | Gained mutation: You have large cloven feet. [demonic ancestry]
   128 | D:1      | Reached XP level 2. HP: 24/24 MP: 2/2
   722 | D:2      | Gained mutation: You have sharp fingernails. [demonic ancestry]
   722 | D:2      | Reached XP level 3. HP: 20/29 MP: 3/3
  1499 | D:3      | Found a radiant altar of Vehumet.
  1504 | D:3      | Reached skill level 5 in Unarmed Combat
  2151 | D:3      | Gained mutation: You have very sharp fingernails. [demonic ancestry]
  2151 | D:3      | Reached XP level 4. HP: 22/35 MP: 4/4
  2929 | D:3      | Gained mutation: You have a pair of small antennae on your head. [demonic ancestry]
  2929 | D:3      | Reached XP level 5. HP: 30/41 MP: 5/5
  3202 | D:4      | Reached skill level 6 in Unarmed Combat
  3538 | D:4      | Reached XP level 6. HP: 42/47 MP: 6/6
  3560 | D:4      | Reached skill level 7 in Unarmed Combat
  3692 | D:4      | Found a glowing golden altar of the Shining One.
  3711 | D:4      | Noticed Xoff's ghost (average GrIE)
  4278 | D:4      | Reached XP level 7. HP: 44/52 MP: 7/7
  4673 | D:4      | Reached skill level 8 in Unarmed Combat
  4768 | D:4      | Noticed Eustachio
  4897 | D:4      | Killed Eustachio
  5242 | D:4      | Noticed Robin
  5264 | D:4      | Killed Robin
  5795 | D:4      | Killed Xoff's ghost
  5795 | D:4      | Reached skill level 9 in Unarmed Combat
  5795 | D:4      | Gained mutation: Your flesh is heat resistant. [demonic ancestry]
  5795 | D:4      | Reached XP level 8. HP: 52/58 MP: 8/8
  6284 | D:5      | Entered Level 5 of the Dungeon
  6603 | D:5      | Found a sand-covered staircase.
  6614 | Ossuary  | Entered an ossuary
  6739 | Ossuary  | Reached skill level 10 in Unarmed Combat
  7612 | D:5      | Found Siboas's Antique Armour Shoppe.
  7842 | D:6      | Found a staircase to the Ecumenical Temple.
  7980 | D:5      | Slain by an orc warrior

Vault maps used:
D:1:      dpeg_arrival_arbitrary_b, bh_walls_and_bars
D:3:      vehumet_altar_wand_db, first_bread
D:4:      nicolae_tso_besieged_by_evil, fountainhead, uniq_eustachio, uniq_robin
D:5:      nicolae_ossuary_entry_plus, serial_shops, nicolae_shop_window_shopping
D:6:      minmay_temple_entry_junction2, okawaru_gym_becter
Ossuary:  ossuary_due_cavern

Action                   |  1- 3 |  4- 6 |  7- 9 || total
-------------------------+-------+-------+-------++-------
Melee: Unarmed           |   138 |   175 |   237 ||   550
Evoke: Wand              |       |       |     4 ||     4
  Use: Scroll            |       |    11 |     5 ||    16
       Potion            |       |     1 |     1 ||     2
 Stab: Sleeping          |     8 |     2 |     6 ||    16
       Distracted        |       |     1 |       ||     1
  Eat: Chunk             |     4 |     5 |    12 ||    21
       Pizza             |       |       |     1 ||     1
